 Dungeon Crawl Stone Soup version 0.29-a0-241-g20d21d4356 (webtiles) character file.

Game seed: 12703685637440398499

262 HotDog the Skirmisher (level 5, 0/43 HPs)
             Began as a Demonspawn Abyssal Knight on Mar 4, 2022.
             Was a Believer of Lugonu.
             Slain by a gnoll
             ... wielding a +0 whip
              (4 damage)
             ... on level 3 of the Dungeon.
             The game lasted 00:06:45 (4575 turns).

HotDog the Skirmisher (Demonspawn Abyssal Knight)   Turns: 4575, Time: 00:06:46

Health: 0/43       AC:  5    Str: 15    XL:     5   Next: 97%
Magic:  6/7        EV: 11    Int: 11    God:    Lugonu [**....]
Gold:   169        SH:  0    Dex: 14    Spells: 4/4 levels left

rFire   . . .      SeeInvis .   a - +1 falchion
rCold   + . .      Faith    .   (no shield)
rNeg    . . .      Spirit   .   b - +0 leather armour
rPois   .          Reflect  .   (no helmet)
rElec   .          Harm     .   (no cloak)
rCorr   .          Rampage  .   (no gloves)
Will    .....                   j - +0 pair of boots
Stlth   +.........              (no amulet)
HPRegen 0.14/turn               k - ring of protection from cold
MPRegen 0.10/turn               (no ring)

@: no status effects
A: rugged brown scales 1, weakness stinger 2
a: Renounce Religion, Depart the Abyss, Bend Space


You were on level 3 of the Dungeon.
You worshipped Lugonu.
Lugonu was pleased with you.
You visited 1 branch of the dungeon, and saw 4 of its levels.
You visited the Abyss 1 time.

You collected 169 gold pieces.

Inventory:

Hand Weapons
 a - a +1 falchion (weapon)
Armour
 b - a +0 leather armour (worn)
 j - a +0 pair of boots (worn)
 m - a +0 plate armour
Jewellery
 g - a ring of magical power
 k - a ring of protection from cold (left hand)
Wands
 o - a wand of polymorph (5)
 q - a wand of charming (9)
Scrolls
 c - a scroll of enchant weapon
 e - a scroll of immolation
 p - a scroll of teleportation
Potions
 d - a potion of attraction
 i - 3 potions of curing
 l - 2 potions of heal wounds
 r - a potion of ambrosia


   Skills:
 * Level 3.8 Fighting
 * Level 3.7 Long Blades
 * Level 2.6 Armour
 * Level 1.7 Dodging
 - Level 0.3 Stealth
 * Level 1.6 Shields
 + Level 0.1 Unarmed Combat
 * Level 3.0 Invocations


You had 4 spell levels left.
You didn't know any spells.
Your spell library contained the following spells:

 Spells                   Type           Power      Damage    Failure   Level
 Sandblast                Erth           0%         2d4       41%         1
 Passwall                 Tmut/Erth      0%         N/A       54%         2
 Stone Arrow              Conj/Erth      0%         3d7       78%         3
 Borgnjor's Revivificati  Necr           0%         N/A       100%        8
 Necromutation            Tmut/Necr      0%         N/A       100%        8
 Death's Door             Necr           0%         N/A       100%        9


Dungeon Overview and Level Annotations

Branches:
Dungeon (4/15)
 Temple: D:4-7

Altars:
Yredelemnul


Innate Abilities, Weirdness & Mutations

You are partially covered in rugged brown scales. (AC +1, +3% HP)
You have a tail ending in a sharp stinger.


Message History

You feel yourself slow down.
There is a stone staircase leading down, spattered with blood here.
You start resting.
You are starting to lose your buoyancy.
You start resting.
You float gracefully downwards.
You start resting.
HP restored.
You start waiting.
Done waiting.
You climb downwards.
The gnoll shaman calls upon its god to speed up the gnoll.
The gnoll seems to speed up.
The gnoll closely misses you. The dart slug launches a dart at you.
The slug dart hits you.
There is a stone staircase leading up here.
There are monsters nearby!
Unknown command.
The gnoll hits you from afar with a +0 halberd!
The gnoll barely misses you.
The gnoll hits you from afar with a +0 halberd!
You climb upwards.
There is a stone staircase leading down, spattered with blood here.
You are too injured to fight recklessly!
You are too injured to fight recklessly!
You barely miss the gnoll. The gnoll barely misses you.
You hit the gnoll.
The gnoll is moderately wounded.
The gnoll hits you with a +0 whip!
* * * LOW HITPOINT WARNING * * *
You hit the gnoll.
The gnoll is heavily wounded.
The gnoll hits you with a +0 whip.
* * * LOW HITPOINT WARNING * * *
Space bends around you!
You blink.
You completely miss the gnoll.
You tail-slap the gnoll, but do no damage.
The gnoll is heavily wounded.
The gnoll hits you with a +0 whip.
You die...

.).......# #...................
#####.#..# #.##.#........##.##.
#.#..# #.##.#.##.#####...#.
#....# #.##.#.##.# #...... ###.##
#.#.......# ##...## #.#
#.#.##.#### ##.## #.# #.#.##.#
#.# #.# #......# #.# #.# ###@####
##'## ###.### #g# ##...## #.....#
#.#### ##.....# #####.#.#.##
#ยง##.## ##.......
##.........#####.#...####........
'......(................'........
##.#.......#####.#...####........
##.##..###.# #.....# ##.......
#.###.# #.# #####.# ##.....#


You could see a gnoll.

Vanquished Creatures
  A phantom (D:3)
  A howler monkey (D:3)
  Robin (D:3)
  A gnoll (D:3)
  5 adders
  4 dart slugs
  3 ball pythons
  6 bats
  7 endoplasms
  2 giant cockroaches (D:3)
  10 goblins
  8 hobgoblins
  6 jackals
  2 quokkas
  2 frilled lizards (D:1)
  6 kobolds
  6 rats
71 creatures vanquished.

Notes
Turn   | Place    | Note
-------+----------+-------------------------------------------
     0 | Abyss:1  | HotDog the Demonspawn Abyssal Knight began the quest for
                  | the Orb.
     0 | Abyss:1  | Reached XP level 1. HP: 18/18 MP: 2/2
     0 | D:1      | Escaped the Abyss
    66 | D:1      | Reached skill level 1 in Dodging
   318 | D:1      | Gained mutation: You are partially covered in rugged brown
                  | scales. (AC +1, +3% HP) [demonic ancestry]
   318 | D:1      | Reached XP level 2. HP: 11/24 MP: 3/3
   321 | D:1      | Reached * piety under Lugonu
   642 | D:1      | Found a faded altar of an unknown god.
  1128 | D:1      | Gained mutation: You have a small tail. [demonic ancestry]
  1128 | D:1      | Reached XP level 3. HP: 25/29 MP: 4/4
  1679 | D:2      | Found a basalt altar of Yredelemnul.
  1791 | D:2      | Reached skill level 1 in Shields
  2191 | D:3      | Gained mutation: You have a tail ending in a sharp stinger.
                  | [demonic ancestry]
  2191 | D:3      | Reached XP level 4. HP: 36/36 MP: 6/6
  2307 | D:3      | Noticed Robin
  2317 | D:3      | Reached ** piety under Lugonu
  2349 | D:3      | Killed Robin
  2892 | D:3      | Reached XP level 5. HP: 29/43 MP: 7/7
  3834 | D:4      | Noticed a phantom
  4326 | D:3      | Killed a phantom
  4575 | D:3      | Slain by a gnoll

Illustrated notes

Levels and vault maps discovered:
D:1:      minmay_arrival_open_corners, layout_basic,
          ebering_ecumenical_altar_rust
D:2:      layout_basic, basic_altar
D:3:      layout_loops_corners, uniq_robin
D:4:      layout_loops_ring, lemuel_blue_sif_altar, minmay_temple_entry_wispy

Skill      XL: |  1  2  3  4  5 |
---------------+----------------+-----
Dodging        | 1 |  1.7
Armour         | 2 |  2.6
Long Blades    | 2 3 |  3.7
Shields        | 1 |  1.6
Invocations    | 3 |  3.0
Fighting       | |  3.8
Stealth        | |  0.3
Unarmed Combat | |  0.1

Action                   |  1- 3 |  4- 6 || total
-------------------------+-------+-------++-------
Melee: Falchion          |   138 |   125 ||   263
       Tailslap          |     5 |    15 ||    20
       Unarmed           |       |    20 ||    20
Invok: Depart the Abyss  |     1 |       ||     1
       Bend Space        |       |     4 ||     4
  Use: Scroll            |     2 |     3 ||     5
       Potion            |       |     4 ||     4
 Stab: Sleeping          |     1 |       ||     1
Armor: Leather armour    |    49 |    45 ||    94
Dodge: Dodged            |   102 |    93 ||   195

Table legend: (Time is in decaauts)
 A = Elapsed time spent in this place.
 B = Non-inter-level travel time spent in this place.
 C = Inter-level travel time spent in this place.
 D = Time resting spent in this place.
 E = Time spent auto-exploring this place.
 F = Levels seen in this place.
 G = Mean time per level.
                   A        B        C        D        E       F      G
               +--------+--------+--------+--------+--------+-----+--------+
         Total |   4603 |   4495 |    108 |   1334 |   2490 |   5 |  920.6 |
       Dungeon |   4603 |   4495 |    108 |   1334 |   2490 |   4 | 1150.8 |
         Abyss |      0 |      0 |      0 |      0 |      0 |   1 |    0.0 |
               +--------+--------+--------+--------+--------+-----+--------+

Top non-repeatable levels by time:
     D:3: 2519 daAuts
     D:1: 1269 daAuts
     D:2: 789 daAuts
     D:4: 24 daAuts
